 Dungeon Crawl Stone Soup version 0.29-a0-43-g62a80824bf (webtiles) character file.

Game seed: 17150307740460577457

98 testman the Skirmisher (level 5, -5/42 HPs)
             Began as a Formicid Abyssal Knight on Feb 2, 2022.
             Was a Believer of Lugonu.
             Killed from afar by Sigmund (10 damage)
             ... with a puff of flame
             ... on level 3 of the Dungeon.
             The game lasted 00:10:21 (3255 turns).

testman the Skirmisher (Formicid Abyssal Knight)    Turns: 3255, Time: 00:10:22

Health: -5/42      AC:  5    Str: 26    XL:     5   Next: 0%
Magic:  7/7        EV: 11    Int:  9    God:    Lugonu [**....]
Gold:   43         SH:  0    Dex: 11    Spells: 4/4 levels left

rFire   . . .      SeeInvis +   n - +0 halberd
rCold   . . .      Faith    .   (no shield)
rNeg    . . .      Spirit   .   j - +0 ring mail
rPois   .          Reflect  .   (helmet unavailable)
rElec   .          Harm     .   (no cloak)
rCorr   .          Rampage  .   (no gloves)
Will    .....                   (no boots)
Stlth   +.........              (no amulet)
HPRegen 0.14/turn               p - +6 ring of strength
MPRegen 0.10/turn               (no ring)

@: no status effects
A: permanent stasis, dig shafts and tunnels, antennae 3, four strong arms
a: Dig, Shaft Self, Renounce Religion, Depart the Abyss, Bend Space


You were on level 3 of the Dungeon.
You worshipped Lugonu.
Lugonu was pleased with you.
You visited 1 branch of the dungeon, and saw 3 of its levels.
You visited the Abyss 1 time.

You collected 43 gold pieces.

Inventory:

Hand Weapons
 a - a +1 spear
 e - a +0 hunting sling
 n - a +0 halberd (weapon)
Missiles
 d - 76 stones (quivered)
 f - 10 sling bullets
Armour
 b - a +0 leather armour
 j - a +0 ring mail (worn)
Jewellery
 p - a +6 ring of strength (left hand)
Wands
 o - a wand of iceblast (15)
Scrolls
 c - 3 scrolls of identify {unknown}
 h - a scroll of summoning {unknown}
 i - a scroll of teleportation {unknown}
 k - a scroll of acquirement {unknown}
 l - a scroll of magic mapping {unknown}
 r - a scroll of fog {unknown}
Potions
 g - a potion of ambrosia {unknown}
 m - a potion of haste {unknown}
 q - a potion of might {unknown}


   Skills:
 + Level 4.3 Fighting
 + Level 3.1 Polearms
 - Level 2.1 Armour
 - Level 0.8 Dodging
 + Level 3.6 Invocations


You had 4 spell levels left.
You didn't know any spells.
Your spell library was empty.

Dungeon Overview and Level Annotations

Branches:
Dungeon (3/15)

Altars:
Yredelemnul
The Shining One

Annotations:
D:3 Sigmund


Innate Abilities, Weirdness & Mutations

You cannot be hasted, slowed, berserked, paralysed or teleported.
You can dig through walls and to a lower floor.
You have a pair of large antennae on your head. (SInv)
Your four strong arms can wield two-handed weapons with a shield.


Message History

Sigmund the Dreaded comes into view.
He is wielding a +0 scythe.
Sigmund shouts!
You see here a scroll labelled KICVICYANA.
Sigmund casts a spell at you. The puff of flame hits you!
You see here a +0 hand axe.
Sigmund gestures at you while chanting. The magic dart hits you.
Sigmund casts a spell at you.
You are confused.
You bump into the rock wall.
You bump into the rock wall.
Sigmund points at you and mumbles some strange words.
The magic dart hits you.
You feel less confused. Sigmund casts a spell at you.
You are confused.
You bump into the rock wall.
Sigmund gestures at you while chanting.
You are more confused.
You bump into the rock wall.
Sigmund laughs darkly.
Sigmund points at you and mumbles some strange words.
The puff of flame hits you.
You bump into the rock wall.
Sigmund gestures at you while chanting. You resist with some effort.
You bump into the rock wall.
Sigmund says, "Don't worry, I'll kill you fast."
Sigmund says, "Your kind have come here before.
I understand now why.
You desire death..."
You feel less confused.
Sigmund hits you from afar with a +0 scythe!
* * * LOW HITPOINT WARNING * * *
Sigmund gestures at you while chanting. The puff of flame hits you!
* * * LOW HITPOINT WARNING * * *
Sigmund says, "Now you see me, now you don't..."
Sigmund gestures at you while chanting. The puff of flame hits you!
You die...

...#.#...##.# ### #.#.#
##.#.#...##.# #.. #.#.#
#.#.#...##.# #.# ###.#.#
#.#.######.# #.######...#.#
#.#.#......# #............#
#.#.#.###########.#.######.#.#
#.#.#...........#.#<#....#.#.#
#.#.###...#####.#.###.......##
##.#.......@....@..# #.#.##..#
......##...###.#########..#..#
......###### #............#..###
......########..########..#....#
......#......#.## #......#.#
......#......###### #...##.#.##
......#......####_###
#......#..#
......#......##.....#
#.##.#.##.#
##.####......##♣...♣#
#.##.#.##.#


You could see Sigmund.

Vanquished Creatures
  4 gnolls (D:2)
  An adder (D:1)
  2 dart slugs (D:1)
  An orc (D:3)
  3 ball pythons
  6 bats
  7 endoplasms
  8 goblins
  5 hobgoblins
  A quokka (D:2)
  3 frilled lizards
  4 rats
45 creatures vanquished.

Notes
Turn   | Place    | Note
-------+----------+-------------------------------------------
     0 | Abyss:1  | testman the Formicid Abyssal Knight began the quest for the
                  | Orb.
     0 | Abyss:1  | Reached XP level 1. HP: 18/18 MP: 2/2
    19 | D:1      | Escaped the Abyss
   205 | D:1      | Reached XP level 2. HP: 24/24 MP: 3/3
   236 | D:1      | Found a faded altar of an unknown god.
   706 | D:1      | Reached XP level 3. HP: 30/30 MP: 5/5
   908 | D:2      | Reached XP level 4. HP: 3/37 MP: 6/6
  1687 | D:2      | Reached skill level 4 in Fighting
  1724 | D:2      | Reached ** piety under Lugonu
  1995 | D:2      | Found a basalt altar of Yredelemnul.
  2971 | D:3      | Found a glowing golden altar of the Shining One.
  3208 | D:3      | Reached XP level 5. HP: 42/42 MP: 7/7
  3210 | D:3      | Noticed Sigmund
  3255 | D:3      | Killed from afar by Sigmund

Illustrated notes

Levels and vault maps discovered:
D:1:      minmay_arrival_nine_rooms, layout_rooms,
          hellmonk_ecumenical_altar_slurped_away
D:2:      layout_basic, basic_altar
D:3:      layout_basic, tso_altar, uniq_sigmund, uniq_natasha, uniq_grinder

Skill      XL: |  1  2  3  4 |
---------------+-------------+-----
Invocations    | 3 |  3.6
Fighting       | 4 |  4.3
Polearms       | 3 |  3.1
Armour         | |  2.1
Dodging        | |  0.8

Action                   |  1- 3 |  4- 6 || total
-------------------------+-------+-------++-------
Melee: Spear             |   100 |    69 ||   169
       Halberd           |       |    21 ||    21
Throw: Stone             |       |     2 ||     2
Armor: Leather armour    |    15 |       ||    15
       Ring mail         |     3 |    28 ||    31
Dodge: Dodged            |    41 |    42 ||    83

Table legend: (Time is in decaauts)
 A = Elapsed time spent in this place.
 B = Non-inter-level travel time spent in this place.
 C = Inter-level travel time spent in this place.
 D = Time resting spent in this place.
 E = Time spent auto-exploring this place.
 F = Levels seen in this place.
 G = Mean time per level.
                   A        B        C        D        E       F      G
               +--------+--------+--------+--------+--------+-----+--------+
         Total |   3262 |   3215 |     47 |   1125 |   1504 |   4 |  815.5 |
       Dungeon |   3243 |   3196 |     47 |   1125 |   1492 |   3 | 1081.0 |
         Abyss |     19 |     19 |      0 |      0 |     12 |   1 |   19.0 |
               +--------+--------+--------+--------+--------+-----+--------+

Top non-repeatable levels by time:
     D:1: 1799 daAuts
     D:2: 1051 daAuts
     D:3: 392 daAuts
 Abyss:1: 19 daAuts
